 Dungeon Crawl Stone Soup version 0.20.0-14-g326068f (webtiles) character file.

105592 skittles the Scorcher (level 15, -9/128 HPs)
             Began as a Purple Draconian Fire Elementalist on June 7, 2017.
             Was a High Priest of Vehumet.
             Mangled by an orc warrior
             ... wielding a +0 glaive
              (20 damage)
             ... on level 1 of the Orcish Mines on June 8, 2017.
             The game lasted 02:52:38 (36835 turns).

skittles the Scorcher (DrFE)                       Turns: 36835, Time: 02:52:40

Health: -9/128     AC: 15    Str: 12    XL:     15   Next: 95%
Magic:  2/32       EV: 18    Int: 22    God:    Vehumet [*****.]
Gold:   1959       SH:  7    Dex: 16    Spells: 8/41 levels left

rFire    + + .     SeeInvis .   b - +8 spear of Conscience {pierce, +Inv rF+ MR+ Dex+4}
rCold    . . .     Gourm    .   F - +2 buckler
rNeg     . . .     Faith    .   (armour unavailable)
rPois    .         Spirit   .   l - +2 hat
rElec    .         Reflect  .   U - scarf {cloud immunity}
rCorr    .         Harm     .   Z - +2 pair of gloves {archery}
MR       +++..                  B - +0 pair of boots {Stlth+}
Stlth    +++.......             P - amulet of magic regeneration
Regen    0.4/turn               x - ring of protection from cold
MPRegen  0.4/turn               w - ring of fire

@: no status effects
A: breathe power, unfitting armour, fangs 1, strong 1, cold-blooded, AC +9
a: Breathe Dispelling Energy, Renounce Religion, Evoke Invisibility


You were on level 1 of the Orcish Mines.
You worshipped Vehumet.
Vehumet was extremely pleased with you.
You were very hungry.

You visited 4 branches of the dungeon, and saw 24 of its levels.
You also visited: Labyrinth and Sewer.

You collected 2448 gold pieces.
You spent 489 gold pieces at shops.

Inventory:

Hand Weapons
 a - the +8 rapier of Symmetry {venom, rF- rN+ MR+ Int+7}
   (You found it on level 14 of the Dungeon)

   It poisons the flesh of those it strikes.
   It affects your intelligence (+7).
   It makes you vulnerable to fire.
   It protects you from negative energy.
   It affects your resistance to hostile enchantments.
 b - the +8 spear of Conscience (weapon) {pierce, +Inv rF+ MR+ Dex+4}
   (You found it on level 5 of the Lair of Beasts)

   It inflicts extra damage upon your enemies.
   It affects your dexterity (+4).
   It protects you from fire.
   It affects your resistance to hostile enchantments.
   It lets you turn invisible.
 f - a +0 demon blade
 v - a +2 spear of freezing
 N - a +2 falchion of holy wrath
Armour
 l - a +2 hat (worn)
 B - a +0 pair of boots of stealth (worn)
 F - a +2 buckler (worn)
 U - a scarf of cloud immunity (worn)
 Z - a +2 pair of gloves of archery (worn)
Jewellery
 k - a +5 ring of protection {unknown}
 n - an uncursed ring of resist corrosion
 w - a ring of fire (right hand)
 x - a ring of protection from cold (left hand)
 E - an uncursed ring of protection from fire {unknown}
 P - an amulet of magic regeneration (around neck)
Wands
 e - a wand of flame (24/48)
 j - a wand of digging (16/24)
 Q - a wand of clouds (3/9)
 W - a wand of acid (2/15)
Scrolls
 g - 2 scrolls of blinking
 m - 2 scrolls of fog
 q - a scroll of brand weapon
 t - 3 scrolls of amnesia
 y - 2 scrolls of magic mapping
 z - 3 scrolls of vulnerability
 C - 4 scrolls of teleportation
 G - 3 scrolls of identify
 H - 11 scrolls of remove curse
 O - a scroll of silence
 V - 2 scrolls of fear
Potions
 c - 4 potions of haste
 h - 3 potions of heal wounds
 i - 3 potions of resistance
 o - 8 potions of curing
 p - 7 potions of lignification
 s - 3 potions of might
 u - a potion of magic
 A - 3 potions of ambrosia
 D - 2 potions of cancellation
 I - 2 potions of flight
 J - 3 potions of agility
 L - 5 potions of brilliance
 M - 2 potions of invisibility
 Y - 3 potions of berserk rage
Books
 r - a book of Misfortune

   Spells                             Type                      Level
   a - Confusing Touch                Hexes                        1
   b - Confuse                        Hexes                        3
   c - Gell's Gravitas                Translocation                3
   d - Petrify                        Transmutation/Earth          4
   e - Metabolic Englaciation         Hexes/Ice                    5
   f - Yara's Violent Unravelling     Hexes/Transmutation          5
Comestibles
 d - 13 royal jellies
 K - a chunk of flesh


   Skills:
 - Level 10.6 Fighting
 - Level 8.0 Dodging
 - Level 1.7 Stealth
 - Level 4.3 Shields
 + Level 13.7 Spellcasting
 + Level 14.7 Conjurations
 + Level 15.1 Fire Magic
 + Level 7.5 Evocations


You had 8 spell levels left.
You knew the following spells:

 Your Spells              Type           Power        Failure   Level  Hunger
a - Bolt of Fire          Conj/Fire      #######...   1%          6    #####..
b - Flame Tongue          Conj/Fire      #####        0%          1    None
c - Sticky Flame          Conj/Fire      #######.     1%          4    None
d - Fireball              Conj/Fire      #######...   1%          5    ###....
e - Freezing Cloud        Conj/Ice/Air   #####.....   21%         6    #####..
f - Stone Arrow           Conj/Erth      #####.       1%          3    None
g - Apportation           Tloc           ###...       4%          1    None
h - Spellforged Servitor  Conj/Summ      #####.....   38%         7    ######.


Dungeon Overview and Level Annotations

Branches:
Dungeon (15/15)            Temple (0/1) D:7            Lair (6/6) D:9
 Shoals (0/4) Lair:4        Snake (0/4) Lair:2        Slime (0/5) Lair:5
    Orc (2/2) D:12            Elf (1/3) Orc:2        Vaults (0/5) D:13
 Depths (0/5) D:15

Altars:
Cheibriados
Dithmenos
Fedhas
Gozag
Kikubaaqudgha
Qazlal
Sif Muna
Trog
Vehumet
Xom
Yredelemnul
Zin
Beogh
Jiyva

Shops:
D:8 !   Orc:2 %![:

Portals:
Pandemonium: Orc:2


Innate Abilities, Weirdness & Mutations

You can breathe bolts of dispelling energy.
Your rich purple scales are hard. (AC +9)
You cannot fit into any form of body armour.
You are cold-blooded and may be slowed by cold attacks.
You have very sharp teeth.
Your muscles are strong. (Str +2)


Message History

You feel a surge of power!
The sticky flame hits the orc warrior.
The orc warrior is lightly wounded.
The orc warrior is covered in liquid flames!
The orc warrior burns!
The orc warrior misses you.
You hit the orc warrior but do no damage.
The orc warrior is moderately wounded.
The orc warrior burns!
You completely miss the orc warrior. Your bite misses the orc warrior.
The orc warrior is heavily wounded.
The orc warrior burns! x2; The orc warrior hits you with a glaive.
* * * LOW HITPOINT WARNING * * *
You hit the orc warrior but do no damage.
The orc warrior is almost dead.
The orc warrior burns!
The orc warrior stops burning.
The orc warrior hits you with a glaive.
* * * LOW HITPOINT WARNING * * *
You closely miss the orc warrior.
Your tail-slap misses the orc warrior.
The orc warrior is almost dead.
The orc warrior hits you with a glaive!!
You die...

..[)...>...#
..........##
).........##
#......)...#
.#.....$..##
..........#
.#...#....#
#...####o.##
.... #@..#
.. ##..##
#....#
##..## ####


You could see an orc warrior.

Vanquished Creatures
  A stone giant (Orc:1)
  A juggernaut skeleton (D:15)
  Nessos (D:12)
  Azrael (Orc:2)
  An ettin (Orc:2)
  A minotaur (Lab)
  Harold (Lair:2)
  Erolcha (Orc:2)
  An ice dragon (Lair:4)
  6 hydras
  4 vault guards
  3 centaur warriors
  6 two-headed ogres
  A death yak (Lair:3)
  A vampire mage (D:15)
  Urug (D:15)
  8 orc high priests (Orc:2)
  Sonja (Lair:1)
  Nergalle (D:10)
  2 skeletal warriors (D:15)
  5 unseen horrors
  An infernal demonspawn (Orc:2)
  2 gelid demonspawn (Orc:2)
  6 orc knights
  Pikel (D:4)
  A necromancer (D:15)
  10 ugly things
  4 orc sorcerers (Orc:2)
  5 deep elf magi
  2 manticores (D:15)
  A cyclops (D:11)
  A rust devil (Orc:2)
  Maurice (D:10)
  2 centaur zombies
  4 elephants
  3 black mambas
  A smoke demon (Orc:2)
  A merfolk siren (Lair:4)
  Psyche (D:10)
  A torpor snail (Lair:2)
  A yaktaur zombie (D:15)
  8 gargoyles
  20 spiny frogs
  3 rime drakes
  10 komodo dragons
  2 kobold demonologists (D:14)
  A komodo dragon (shapeshifter) (D:14)
  A freezing wraith (D:14)
  A hellwing (Orc:2)
  2 polar bears
  4 tyrant leeches (Lair:6)
  9 trolls
  Grinder (D:5)
  17 hippogriffs
  5 slime creatures (D:12)
  13 blink frogs
  A spriggan zombie (D:15)
  8 dream sheep
  3 shadows
  A wraith (D:11)
  2 vampires
  A deep troll skeleton (D:15)
  4 wyverns
  4 fire elementals
  11 vampire mosquitoes
  2 basilisks
  48 yaks
  4 hungry ghosts
  A chaos spawn (Orc:2)
  4 wargs
  Menkaure (D:5)
  A neqoxec (Orc:2)
  2 acid dragons (D:15)
  4 nagas (Lair:2)
  A water moccasin (shapeshifter) (D:14)
  10 porcupines
  Duvessa (D:6)
  2 hell hounds
  9 water moccasins
  3 slaves (D:4)
  3 sky beasts
  2 phantoms
  40 orc warriors
  A black bear (Lair:1)
  2 ice beasts
  16 ogres
  18 centaurs
  9 wolves
  3 necrophages
  13 crocodiles
  6 big kobolds
  29 bullfrogs
  Dowan (D:6)
  3 gnoll sergeants
  A wyvern skeleton (D:7)
  7 scorpions
  8 killer bees
  3 electric eels
  5 howler monkeys
  7 crimson imps
  4 bullfrog zombies
  2 quasits
  9 hounds
  6 jellies
  28 orc priests
  5 centaur skeletons
  32 orc wizards
  2 bullfrog skeletons
  Terence (D:2)
  6 iguanas
  Natasha (thrice) (D:3)
  15 worker ants
  2 hound zombies
  2 worker ant zombies
  16 gnolls
  16 adders
  2 river rats
  5 shadow imps
  5 oozes (D:8)
  2 adder skeletons
  An adder zombie (D:6)
  5 worms
  A dart slug (D:4)
  6 leopard geckos
  100 orcs
  A ball python (D:3)
  8 bats
  8 giant cockroaches
  6 goblins
  7 hobgoblins
  12 jackals
  18 kobolds
  4 quokkas
  4 frilled lizards
  A jackal skeleton (D:4)
  A jackal zombie (D:8)
  A quokka zombie (D:5)
  10 rats
  3 withered plants (D:15)
859 creatures vanquished.

Vanquished Creatures (others)
  A slave (D:4)
  An orc (Orc:2)
  11 fungi
  22 plants
35 creatures vanquished.

Grand Total: 894 creatures vanquished

Notes
Turn   | Place    | Note
-------+----------+-------------------------------------------
     0 | D:1      | skittles the Draconian Fire Elementalist began the quest for the Orb.
     0 | D:1      | Reached XP level 1. HP: 14/14 MP: 3/3
   291 | D:1      | Reached XP level 2. HP: 13/20 MP: 1/5
  1180 | D:2      | Found a glowing silver altar of Zin.
  1212 | D:2      | Reached XP level 3. HP: 26/26 MP: 3/6
  1216 | D:2      | Noticed Terence
  1240 | D:2      | Learned a level 3 spell: Conjure Flame
  1260 | D:2      | Killed Terence
  1260 | D:2      | Reached skill level 4 in Fire Magic
  1637 | D:3      | Reached XP level 4. HP: 27/33 MP: 5/7
  2080 | D:3      | Noticed Natasha
  2085 | D:3      | Killed Natasha
  2085 | D:3      | Reached XP level 5. HP: 38/38 MP: 4/8
  2344 | D:3      | Noticed Natasha
  2350 | D:3      | Killed Natasha
  2764 | D:3      | Noticed Natasha
  2766 | D:3      | Killed Natasha
  2766 | D:3      | Reached skill level 5 in Fire Magic
  2932 | D:3      | Reached XP level 6. HP: 32/45 MP: 0/9
  3590 | D:3      | Found a shimmering altar of Xom.
  3669 | D:4      | Found a snail-covered altar of Cheibriados.
  3673 | D:4      | Found a bloodstained altar of Trog.
  3852 | D:4      | Noticed a slave
  3853 | D:4      | Noticed a slave
  3853 | D:4      | Noticed Pikel
  3853 | D:4      | Noticed a slave
  3855 | D:4      | Killed a slave
  3885 | D:4      | Killed Pikel
  3885 | D:4      | Reached skill level 5 in Conjurations
  3885 | D:4      | Reached skill level 6 in Fire Magic
  3885 | D:4      | Your scales start taking on a rich purple colour.
  3885 | D:4      | Reached XP level 7. HP: 23/50 MP: 0/10
  4063 | D:4      | Learned a level 4 spell: Sticky Flame
  4069 | D:4      | Reached skill level 7 in Fire Magic
  4248 | D:4      | Reached XP level 8. HP: 45/57 MP: 2/11
  4789 | D:5      | Entered Level 5 of the Dungeon
  4868 | D:5      | Learned a level 5 spell: Fireball
  5117 | D:5      | Reached skill level 8 in Fire Magic
  5336 | D:5      | Found an ancient bone altar of Kikubaaqudgha.
  5383 | D:5      | Found a blossoming altar of Fedhas.
  5576 | D:5      | Noticed Menkaure
  5712 | D:5      | Killed Menkaure
  5774 | D:5      | Noticed Grinder
  5787 | D:5      | Killed Grinder
  5787 | D:5      | Reached XP level 9. HP: 52/62 MP: 0/13
  5974 | D:5      | Reached skill level 9 in Fire Magic
  6490 | D:6      | Found an ancient bone altar of Kikubaaqudgha.
  6497 | D:6      | Found a radiant altar of Vehumet.
  6509 | D:6      | Became a worshipper of Vehumet
  6519 | D:6      | Found a deep blue altar of Sif Muna.
  6629 | D:6      | Found a glowing drain.
  6633 | Sewer    | Entered a sewer
  6776 | Sewer    | Found a glowing silver altar of Zin.
  7312 | D:6      | Noticed Duvessa
  7569 | D:6      | Reached * piety under Vehumet
  7569 | D:6      | Offered knowledge of Sandblast by Vehumet.
  7598 | D:6      | Noticed Dowan
  7609 | D:6      | Killed Duvessa
  7616 | D:6      | Killed Dowan
  8310 | D:7      | Found a staircase to the Ecumenical Temple.
  8409 | D:7      | Reached skill level 1 in Fighting
  8472 | D:7      | Reached skill level 5 in Spellcasting
  8502 | D:7      | Reached skill level 1 in Shields
  8969 | D:7      | Reached XP level 10. HP: 58/74 MP: 11/18
  9402 | D:8      | Found a shadowy altar of Dithmenos.
  9413 | D:8      | Found a glowing silver altar of Zin.
  9579 | D:8      | Found Okkeun's Distillery.
  9587 | D:8      | Bought a potion of mutation for 96 gold pieces
  9587 | D:8      | Bought a potion of invisibility for 96 gold pieces
  9587 | D:8      | Bought a potion of degeneration for 12 gold pieces
  9587 | D:8      | Bought a potion of cancellation for 96 gold pieces
  9587 | D:8      | Gained mutation: Your mind is acute. (Int +2) [potion of mutation]
  9587 | D:8      | Gained mutation: Your body sometimes deteriorates upon taking damage. [potion of mutation]
  9587 | D:8      | Gained mutation: You are agile. (Dex +2) [potion of mutation]
  9747 | D:8      | Found a stormy altar of Qazlal.
 10098 | D:8      | Found an opulent altar of Gozag.
 10297 | D:9      | Offered knowledge of Magic Dart by Vehumet.
 10300 | D:9      | Learned a level 1 spell: Magic Dart
 10305 | D:9      | Reached ** piety under Vehumet
 10637 | D:9      | Reached skill level 10 in Fire Magic
 11346 | D:9      | Found a staircase to the Lair.
 12068 | D:9      | Offered knowledge of Stone Arrow by Vehumet.
 12073 | D:9      | Learned a level 3 spell: Stone Arrow
 12156 | D:9      | Noticed an unseen horror
 12162 | D:9      | Killed an unseen horror
 12239 | D:9      | Reached XP level 11. HP: 70/85 MP: 3/21
 12350 | D:9      | Reached *** piety under Vehumet
 12665 | D:10     | Entered Level 10 of the Dungeon
 12707 | D:10     | Noticed Maurice
 12717 | D:10     | Killed Maurice
 12745 | D:10     | Noticed Psyche
 12760 | D:10     | Killed Psyche
 12760 | D:10     | Reached skill level 5 in Fighting
 12760 | D:10     | Reached skill level 10 in Conjurations
 12914 | D:10     | Noticed Nergalle
 12991 | D:10     | Killed Nergalle
 13158 | D:10     | Reached skill level 5 in Dodging
 13176 | D:10     | Offered knowledge of Static Discharge by Vehumet.
 13425 | D:10     | Noticed a two-headed ogre
 13439 | D:10     | Killed a two-headed ogre
 14067 | D:11     | Noticed an unseen horror
 14070 | D:11     | Killed an unseen horror
 14215 | D:11     | Reached **** piety under Vehumet
 14432 | D:11     | Reached skill level 11 in Fire Magic
 14645 | D:11     | Found an opulent altar of Gozag.
 14921 | D:11     | Noticed a two-headed ogre
 14930 | D:11     | Killed a two-headed ogre
 15037 | D:11     | Offered knowledge of Airstrike by Vehumet.
 16129 | D:12     | Noticed Nessos
 16152 | D:12     | Killed Nessos
 16556 | D:12     | Noticed a red ugly thing
 16618 | D:12     | Found a staircase to the Orcish Mines.
 16639 | D:12     | Reached XP level 12. HP: 88/100 MP: 11/22
 17740 | D:12     | Reached ***** piety under Vehumet
 17740 | D:12     | Offered knowledge of Freezing Cloud by Vehumet.
 17748 | D:12     | Learned a level 6 spell: Freezing Cloud
 17840 | D:13     | Found a basalt altar of Yredelemnul.
 17855 | D:13     | Noticed a vault guard
 17860 | D:13     | Noticed a centaur warrior
 18046 | D:13     | Noticed a vault guard
 18047 | D:13     | Noticed a two-headed ogre
 18053 | D:12     | Killed a vault guard
 18295 | Lair:1   | Entered Level 1 of the Lair of Beasts
 18434 | Lair:1   | Lost mutation: Your body sometimes deteriorates upon taking damage. [potion of mutation]
 18434 | Lair:1   | Lost mutation: You are agile. (Dex +2) [potion of mutation]
 18434 | Lair:1   | Lost mutation: Your mind is acute. (Int +2) [potion of mutation]
 18434 | Lair:1   | Gained mutation: You can translocate small distances at will. [potion of mutation]
 18434 | Lair:1   | Lost mutation: You can translocate small distances at will. [potion of mutation]
 18434 | Lair:1   | Gained mutation: Your muscles are strong. (Str +2) [potion of mutation]
 18434 | Lair:1   | Gained mutation: You have very sharp teeth. [potion of mutation]
 18563 | Lair:1   | Noticed Sonja
 18569 | Lair:1   | Killed Sonja
 18569 | Lair:1   | Reached skill level 12 in Fire Magic
 19147 | Lair:1   | Noticed a seven-headed hydra
 19162 | Lair:1   | Killed a seven-headed hydra
 19542 | Lair:1   | Noticed a fire dragon
 19595 | Lair:2   | Noticed a four-headed hydra
 19625 | Lair:2   | Killed a four-headed hydra
 19625 | Lair:2   | Reached XP level 13. HP: 33/111 MP: 15/23
 20069 | Lair:2   | Found a staircase to the Snake Pit.
 20616 | Lair:2   | Noticed Harold
 20630 | Lair:2   | Killed Harold
 21392 | Lair:2   | Reached skill level 10 in Fighting
 21403 | Lair:2   | Reached skill level 13 in Fire Magic
 21833 | Lair:3   | Found a labyrinth entrance.
 21847 | Lab      | Entered a labyrinth
 22493 | Lab      | Noticed a minotaur
 22500 | Lab      | Killed a minotaur
 24048 | Lair:4   | Found a staircase to the Shoals.
 24594 | Lair:4   | Reached XP level 14. HP: 25/122 MP: 7/24
 24596 | Lair:4   | HP: 5/122 [polar bear (3)]
 24601 | Lair:4   | Reached skill level 14 in Fire Magic
 25608 | Lair:1   | Learned a level 1 spell: Apportation
 26034 | Lair:5   | Got a transparent spear
 26035 | Lair:5   | Identified the +8 spear of Conscience {pierce, +Inv rF+ MR+ Dex+4} (You found it on level 5 of the Lair of Beasts)
 26510 | Lair:5   | Found a viscous altar of Jiyva.
 26510 | Lair:5   | Found a staircase to the Slime Pits.
 26725 | Lair:6   | Entered Level 6 of the Lair of Beasts
 26728 | Lair:6   | Reached skill level 1 in Evocations
 26774 | Lair:5   | Offered knowledge of Spellforged Servitor by Vehumet.
 29111 | Lair:6   | Reached skill level 5 in Evocations
 29625 | D:10     | Learned a level 7 spell: Spellforged Servitor
 29719 | Orc:1    | Entered Level 1 of the Orcish Mines
 29848 | Orc:1    | Found a roughly hewn altar of Beogh.
 30060 | Orc:2    | Entered Level 2 of the Orcish Mines
 30197 | Orc:2    | Noticed Azrael
 30230 | Orc:1    | Offered knowledge of Bolt of Fire by Vehumet.
 30271 | Orc:2    | Noticed Erolcha
 30272 | Orc:2    | Killed Azrael
 30546 | Orc:2    | Killed Erolcha
 30673 | Orc:2    | Reached skill level 10 in Spellcasting
 30701 | Orc:2    | Learned a level 6 spell: Bolt of Fire
 30980 | Orc:2    | Found Tegh's Distillery.
 31079 | Orc:2    | Found Reummir's Food Shoppe.
 31620 | Orc:2    | Reached XP level 15. HP: 110/128 MP: 3/30
 31711 | Orc:1    | Offered knowledge of Ozocubu's Refrigeration by Vehumet.
 32030 | Orc:2    | Found a staircase to the Elven Halls.
 32556 | Orc:2    | Found Poetis's Book Shop.
 32556 | Orc:2    | Found a one-way gate leading to the halls of Pandemonium.
 32556 | Orc:2    | Found Xofyeg's Antique Armour Boutique.
 32560 | Orc:2    | Bought a runed hat for 189 gold pieces
 33409 | D:13     | Upgraded the game from 0.20.0-10-g0535bb4 to 0.20.0-14-g326068f
 33649 | D:13     | Found a gate to the Vaults.
 34127 | D:14     | Offered knowledge of Iron Shot by Vehumet.
 34339 | D:14     | Got a faintly glowing rapier
 34340 | D:14     | Identified the +8 rapier of Symmetry {venom, rF- rN+ MR+ Int+7} (You found it on level 14 of the Dungeon)
 34623 | D:15     | Entered Level 15 of the Dungeon
 34623 | D:15     | Found a staircase to the Depths.
 34628 | D:15     | Noticed Urug
 34773 | D:15     | Killed Urug
 35751 | D:15     | Reached skill level 15 in Fire Magic
 36619 | Elf:1    | Entered Level 1 of the Elven Halls
 36835 | Orc:1    | Mangled by an orc warrior

Skill      XL: |  1  2  3  4  5  6  7  8  9 10 11 12 13 14 15 |
---------------+----------------------------------------------+-----
Conjurations   | 2 3 4 5 6 8 9 11 12 13 14 | 14.7
Fire Magic     | 4 5 6 7 8 9 10 11 12 13 14 15 | 15.1
Spellcasting   | 3 5 6 7 11 13 | 13.7
Dodging        | 2 4 6 8 |  8.0
Fighting       | 2 4 7 9 10 | 10.6
Shields        | 2 4 |  4.3
Evocations     | 5 7 |  7.5
Stealth        | |  1.7

Action                   |  1- 3 |  4- 6 |  7- 9 | 10-12 | 13-15 || total
-------------------------+-------+-------+-------+-------+-------++-------
Melee: Unarmed           |    44 |       |       |       |       ||    44
       Tailslap          |     7 |     8 |    19 |    27 |    82 ||   143
       Spear             |    45 |    75 |   218 |    72 |   615 ||  1025
       Mace              |     8 |       |       |       |       ||     8
       Whip              |       |     2 |     1 |       |       ||     3
       Short sword       |       |       |    16 |   388 |   134 ||   538
       Dagger            |       |       |     5 |       |       ||     5
       Bite              |       |       |       |     2 |    60 ||    62
       Falchion          |       |       |       |       |    13 ||    13
       Rapier            |       |       |       |       |    16 ||    16
 Cast: Flame Tongue      |    16 |    60 |   164 |   240 |   130 ||   610
       Conjure Flame     |     2 |     3 |     2 |    13 |    16 ||    36
       Sticky Flame      |       |       |    27 |   108 |   209 ||   344
       Fireball          |       |       |       |    14 |    53 ||    67
       Magic Dart        |       |       |       |     1 |       ||     1
       Stone Arrow       |       |       |       |    10 |    26 ||    36
       Bolt of Fire      |       |       |       |       |   136 ||   136
       Freezing Cloud    |       |       |       |       |     4 ||     4
 Abil: Breathe Dispellin |       |       |       |     3 |     3 ||     6
Evoke: Wand              |       |     5 |       |       |     1 ||     6
  Use: Scroll            |       |       |     3 |    19 |     9 ||    31
       Potion            |       |       |     1 |     6 |     2 ||     9
 Stab: Sleeping          |       |     1 |     4 |     5 |     3 ||    13
       Distracted        |       |       |       |       |     1 ||     1
  Eat: Chunk             |     2 |     9 |    21 |    37 |    87 ||   156
       Fruit             |       |       |     1 |     9 |    23 ||    33
       Royal jelly       |       |       |       |     1 |     6 ||     7
       Meat ration       |       |       |       |     1 |       ||     1
Armor: Skin              |    25 |    22 |    80 |   136 |   251 ||   514
Dodge: Dodged            |    69 |    53 |   141 |   365 |   732 ||  1360
Block: Buckler           |       |       |    21 |   201 |   387 ||   609
       Rpst.: Falchion   |       |       |       |       |     3 ||     3
